 Dungeon Crawl Stone Soup version 0.27-a0-1597-ge58577e147 (webtiles) character file.

Game seed: 16639260617437518406

7788 DocSulfur the Grappler (level 11, -2/92 HPs)
             Began as a Troll Hunter on July 21, 2021.
             Was a High Priest of Okawaru.
             Killed from afar by a balrug (40 damage)
             ... with a bolt of fire
             ... on level 1 of the Abyss.
             The game lasted 00:28:43 (8822 turns).

DocSulfur the Grappler (Troll Hunter)               Turns: 8822, Time: 00:28:43

Health: -2/92      AC:  6    Str: 23    XL:     11   Next: 1%
Magic:  12/17      EV: 13    Int:  7    God:    Okawaru [*****.]
Gold:   143        SH:  0    Dex: 12    Spells: 10/10 levels left

rFire    . . .     SeeInvis +     - Unarmed
rCold    . . .     Faith    .   (no shield)
rNeg     . . .     Spirit   .   D - +0 troll leather armour
rPois    .         Reflect  .   (helmet restricted)
rElec    .         Harm     .   (no cloak)
rCorr    .         Rampage  .   (gloves unavailable)
Will     .....     Rnd*Rage +   (boots unavailable) Stlth +++.......Rnd*Tele +
                                k - amulet of regeneration
HPRegen  3.25/turn              a - ring of see invisible
MPRegen  0.15/turn              (no ring)

@: heroic, finesse-ful
A: large, unfitting armour, claws 3, regeneration 1, shaggy fur 1, tough skin 1,
[berserk 2], [teleportitis 2]
a: Renounce Religion, Heroism, Finesse


You were on level 1 of the Abyss.
You worshipped Okawaru.
Okawaru was extremely pleased with you.
You visited 2 branches of the dungeon, and saw 11 of its levels.
You visited the Abyss 1 time.

You collected 537 gold pieces.
You spent 394 gold pieces at shops.

Inventory:

Missiles
 c - 4 atropa-tipped darts
 d - 2 throwing nets
 n - 33 boomerangs (quivered)
 E - 35 poisoned darts
 F - 3 large rocks
 G - 6 silver javelins
Armour
 b - a +0 robe
 D - a +0 troll leather armour (worn)
Jewellery
 a - a ring of see invisible (left claw)
 e - a ring of ice
 k - an amulet of regeneration (around neck)
 s - an amulet of guardian spirit
Wands
 r - a wand of charming (7)
 t - a wand of flame (27)
 u - a wand of mindburst (11)
 y - a wand of digging (1)
Scrolls
 j - 3 scrolls of fog
 l - 3 scrolls of enchant weapon
 m - 2 scrolls of immolation {unknown}
 w - 3 scrolls of teleportation {unknown}
 x - a scroll of summoning {unknown}
 z - a scroll of blinking {unknown}
 A - 2 scrolls of enchant armour {unknown}
 I - a scroll of silence {unknown}
Potions
 f - 3 potions of flight
 g - 2 potions of curing
 h - 3 potions of magic
 i - a potion of mutation {unknown}
 o - a potion of berserk rage
 p - 2 potions of attraction {unknown}
 q - a potion of resistance {unknown}
 v - 4 potions of lignification
 B - 3 potions of heal wounds
 C - 2 potions of haste
 H - a potion of invisibility {unknown}


   Skills:
 - Level 1.6(6.6) Fighting
 + Level 7.3(12.3) Throwing
 + Level 4.3(9.3) Dodging
 - Level 0.3(5.3) Stealth
 - Level 10.0(15.0) Unarmed Combat
 - Level 10.0 Invocations


You had 10 spell levels left.
You didn't know any spells.
Your spell library contained the following spells:

 Spells                   Type           Power      Damage    Failure   Level
 Animate Skeleton         Necr           0%         N/A       45%         1
 Apportation              Tloc           0%         N/A       45%         1
 Corona                   Hex            0%         N/A       45%         1
 Magic Dart               Conj           0%         1d3       45%         1
 Summon Small Mammal      Summ           0%         N/A       45%         1
 Call Imp                 Summ           0%         N/A       61%         2
 Ensorcelled Hibernation  Hex/Ice        0%         N/A       61%         2
 Searing Ray              Conj           0%         3d3       61%         2
 Slow                     Hex            0%         N/A       61%         2
 Static Discharge         Conj/Air       0%         N/A       61%         2
 Confusing Touch          Hex            0%         N/A       83%         3
 Mephitic Cloud           Conj/Pois/Air  0%         N/A       83%         3
 Stone Arrow              Conj/Erth      0%         3d7       83%         3
 Tukima's Dance           Hex            0%         N/A       83%         3
 Vampiric Draining        Necr           0%         2d6       83%         3
 Animate Dead             Necr           0%         N/A       99%         4
 Fulminant Prism          Conj/Hex       0%         3d6       99%         4
 Passage of Golubria      Tloc           N/A        N/A       99%         4
 Bolt of Magma            Conj/Fire/Erth 0%         4d4       100%        5
 Borgnjor's Vile Clutch   Necr/Erth      0%         N/A       100%        5
 Lightning Bolt           Conj/Air       0%         1d11      100%        5
 Yara's Violent Unravell  Hex/Tmut       0%         3d3       100%        5
 Death Channel            Necr           0%         N/A       100%        6
 Maxwell's Capacitive Co  Air            0%         ∞         100%        8
 Shatter                  Erth           0%         3d5*      100%        9


Dungeon Overview and Level Annotations

Branches:
Dungeon (10/15)            Temple (1/1) D:4
   Lair: D:8-11         Orc: D:9-12

Altars:
Ashenzari
Cheibriados
Dithmenos
Elyvilon
Fedhas
Gozag
Hepliaklqana
Makhleb
Nemelex Xobeh
Okawaru
Qazlal
Ru
Sif Muna
Trog
Uskayaw
Vehumet
Wu Jian
Xom
Yredelemnul
Zin
The Shining One

Shops:
D:1 *   D:4 [   D:7 (!=[!

Annotations:
D:9 Psyche


Innate Abilities, Weirdness & Mutations

You are too large for most types of armour.
You have claws for hands.
Your natural rate of healing is unusually fast.
You are covered in fur. (AC +1)
You have tough skin. (AC +1)
[You often lose your temper in combat.]
[You are sometimes teleported next to monsters.]


Message History

You scratch the smoke demon.
The smoke demon is lightly wounded.
The tentacled starspawn bites you!!
The tentacled starspawn completely misses you.
You hear a bark!
You hear a shout!
You claw the smoke demon! Your claw misses the smoke demon.
The smoke demon is moderately wounded.
You hear a roar!
Unknown command.
You mangle the smoke demon!!
The smoke demon is severely wounded.
The smoke demon completely misses you. The smoke demon closely misses you.
The smoke demon hits you but does no damage.
You mangle the smoke demon!!
You kill the smoke demon!
Okawaru accepts your kill.
The tentacled starspawn closely misses you.
The tentacled starspawn barely misses you.
The raiju bites you. The raiju shocks you!
You scratch the raiju but do no damage. You claw the raiju!
The raiju is moderately wounded.
The raiju barely misses you.
You mangle the raiju!!
You kill the raiju!
Okawaru accepts your kill. Something appears at your feet!
Okawaru grants you ammunition!
You hear a bark!
The tentacled starspawn closely misses you.
The tentacled starspawn tentacle-slaps you but does no damage.
You hear a bark!
You have reached level 11!
A spatial vortex, a ynoxinul, a balrug, a sun demon, a tentacled starspawn, a starcursed mass, 2 raiju and a worldbinder come into view.
The raiju barks!
A shadow wraith comes into view.
The large abomination completely misses you.
A starcursed mass splits.
The balrug gestures at you. The bolt of fire hits you!!!
You die...

## ## W.#
#. .X##
d###X.h3.
#X.23h..v
#### #@#
.d. #v#
#... #X#
...##vX#
#.#..##
#.Xv#######
##... .
.... ...
#5####
#.....
#.w.#..
#...


You could see a starcursed mass, a white draconian, 2 tentacled starspawn, a
balrug, a spatial maelstrom, a sun demon (wandering), a shadow wraith
(invisible), 3 spatial vortices, a thrashing horror, a large abomination, 2
raiju, a ynoxinul and an ufetubus (summoned, wandering).

Vanquished Creatures
  A boulder beetle (D:7)
  A death knight (D:7)
  A two-headed ogre (D:7)
  A deep elf pyromancer (D:7)
  Maurice (D:8)
  Joseph (D:7)
  2 smoke demons (Abyss:1)
  An unseen horror (D:10)
  A troll (D:6)
  A raiju (Abyss:1)
  A shadow (D:7)
  A wyvern (D:6)
  A ynoxinul (Abyss:1)
  A fire bat (Abyss:1)
  A steam dragon (D:7)
  Menkaure (D:4)
  2 water moccasins
  3 orc warriors
  A necrophage (D:7)
  An ogre (D:6)
  3 centaurs
  A phantom (D:4)
  2 kobold brigands (D:9)
  A gnoll sergeant (D:5)
  2 bullfrogs
  5 scorpions
  2 centaur zombies
  A bullfrog skeleton (D:4)
  3 hounds
  4 jellies
  5 orc priests
  6 iguanas
  An orc wizard (D:5)
  A hound skeleton (D:4)
  Robin (D:4)
  20 gnolls
  2 howler monkey skeletons (D:4)
  5 adders
  A shadow imp (D:7)
  3 white imps
  An ufetubus (D:7)
  A worm (D:2)
  A dart slug (D:4)
  26 orcs
  4 endoplasms
  5 giant cockroaches
  12 goblins
  11 hobgoblins
  15 jackals
  2 quokkas
  4 ball pythons
  A bat (D:1)
  4 frilled lizards
  15 kobolds
  5 rats
200 creatures vanquished.

Vanquished Creatures (others)
  A small abomination (Abyss:1)
  12 plants (D:7)
  2 starspawn tentacles (Abyss:1)
15 creatures vanquished.

Grand Total: 215 creatures vanquished

Notes
Turn   | Place    | Note
-------+----------+-------------------------------------------
     0 | D:1      | DocSulfur the Troll Hunter began the quest for the Orb.
     0 | D:1      | Reached XP level 1. HP: 19/19 MP: 0/0
    61 | D:1      | Reached XP level 2. HP: 27/27 MP: 1/1
    87 | D:1      | Found Moranuxo's General Store.
   285 | D:1      | Reached skill level 1 in Unarmed Combat
   441 | D:1      | Reached XP level 3. HP: 32/33 MP: 2/2
   689 | D:2      | Reached XP level 4. HP: 39/41 MP: 3/3
   837 | D:2      | Found a faded altar of an unknown god.
  1239 | D:2      | Reached XP level 5. HP: 48/48 MP: 4/4
  1815 | D:3      | Reached skill level 5 in Throwing
  1896 | D:3      | Reached XP level 6. HP: 49/55 MP: 5/5
  2203 | D:4      | Noticed Robin
  2221 | D:4      | Killed Robin
  2254 | D:4      | Reached skill level 5 in Unarmed Combat
  2460 | D:4      | Noticed Menkaure
  2494 | D:4      | Killed Menkaure
  2495 | D:4      | Reached XP level 7. HP: 56/62 MP: 6/6
  2527 | D:4      | Found a staircase to the Ecumenical Temple.
  2541 | Temple   | Entered the Ecumenical Temple
  2737 | Temple   | Became a worshipper of Warmaster Okawaru
  2989 | D:4      | Found a broken altar of Ashenzari.
  3236 | D:4      | Reached skill level 1 in Invocations
  3260 | D:4      | Found Vidaomn's Armour Boutique.
  3365 | D:5      | Entered Level 5 of the Dungeon
  3515 | D:5      | Reached * piety under Okawaru
  3728 | D:5      | Reached XP level 8. HP: 66/70 MP: 9/9
  4365 | D:6      | Found a burning altar of Makhleb.
  4405 | D:6      | Found a shadowy altar of Dithmenos.
  4484 | D:6      | Reached ** piety under Okawaru
  4692 | D:6      | Reached skill level 5 in Invocations
  4999 | D:7      | Noticed a deep elf pyromancer
  5000 | D:7      | Noticed a boulder beetle
  5011 | D:7      | Killed a deep elf pyromancer
  5012 | D:7      | Reached XP level 9. HP: 63/78 MP: 9/12
  5017 | D:7      | Killed a boulder beetle
  5017 | D:7      | Reached *** piety under Okawaru
  5061 | D:7      | Noticed a troll
  5061 | D:7      | Noticed a two-headed ogre
  5127 | D:7      | Noticed a death knight
  5182 | D:8      | Reached **** piety under Okawaru
  5312 | D:8      | Identified the +9 spear "Qisubad" {flame, rF+}
  5459 | D:7      | Reached skill level 10 in Unarmed Combat
  5522 | D:7      | Found Uqeela's Distillery.
  5525 | D:7      | Bought a potion of curing for 39 gold pieces
  5534 | D:7      | Bought a potion of haste for 130 gold pieces
  5582 | D:7      | Found Udixoy's Antique Weapon Shoppe.
  5586 | D:7      | Found Ziro Ziy's Jewellery Shoppe.
  5600 | D:7      | Bought a ring of see invisible for 225 gold pieces
  5609 | D:7      | Noticed Joseph
  5639 | D:7      | Killed Joseph
  5775 | D:7      | Found Avy Boek's Antique Armour Shoppe.
  6163 | D:6      | Killed a troll
  6164 | D:6      | Reached XP level 10. HP: 44/85 MP: 13/15
  6211 | D:7      | Found Qouqiev's Distillery.
  6321 | D:7      | Killed a two-headed ogre
  6430 | D:7      | Reached ***** piety under Okawaru
  6863 | D:7      | Killed a death knight
  6863 | D:7      | Received a gift from Okawaru
  6864 | D:7      | Reached skill level 10 in Invocations
  7079 | D:8      | Noticed Maurice
  7089 | D:8      | Killed Maurice
  7089 | D:8      | Received a gift from Okawaru
  7449 | D:9      | Found a sparkling altar of Nemelex Xobeh.
  7449 | D:9      | Found an opulent altar of Gozag.
  7661 | D:10     | Entered Level 10 of the Dungeon
  7762 | D:9      | Noticed Psyche
  7782 | D:9      | Cast into level 1 of the Abyss (Psyche)
  8789 | Abyss:1  | Noticed a spatial maelstrom
  8789 | Abyss:1  | Noticed a smoke demon
  8790 | Abyss:1  | Noticed a wretched star
  8790 | Abyss:1  | Noticed a thrashing horror
  8799 | Abyss:1  | Killed a smoke demon
  8801 | Abyss:1  | Noticed a tentacled starspawn
  8806 | Abyss:1  | Noticed a white draconian
  8808 | Abyss:1  | Noticed a smoke demon
  8818 | Abyss:1  | Killed a smoke demon
  8821 | Abyss:1  | Received a gift from Okawaru
  8822 | Abyss:1  | Reached XP level 11. HP: 35/92 MP: 12/17
  8822 | Abyss:1  | Noticed a starcursed mass
  8822 | Abyss:1  | Noticed a balrug
  8822 | Abyss:1  | Noticed a sun demon
  8822 | Abyss:1  | Noticed a tentacled starspawn
  8822 | Abyss:1  | Noticed a shadow wraith
  8822 | Abyss:1  | Killed from afar by a balrug

Illustrated notes

Levels and vault maps discovered:
D:1:      minmay_arrival_shattered_statue, layout_rooms, serial_shops, shop,
          minmay_pentomino_t4
D:2:      minmay_door_path, layout_rooms, serial_forest,
          infiniplex_forest_straight_3, infiniplex_forest_end_2,
          infiniplex_forest_zigzag_1, infiniplex_forest_lined_room_3,
          infiniplex_forest_end_1, infiniplex_forest_straight_3,
          basic_ecumenical_altar, minmay_misc_feat_rows
D:3:      layout_rooms, kennysheep_generic_room_6
D:4:      layout_basic, mainiacjoe_overflow_alcove_1, minmay_temple_entry_grid,
          serial_shops, shop, kennysheep_generic_room_13, uniq_robin,
          uniq_menkaure
D:5:      layout_loops_corners, grunt_decor_junction
D:6:      layout_rooms, mainiacjoe_overflow_cross_hatched,
          mainiacjoe_overflow_boulevard
D:7:      layout_loops_ring, serial_shops, shop, nicolae_shop_behind_doors,
          kennysheep_mini_moat, nicolae_shop_waterfront, shop,
          minmay_shattered_shrine, uniq_joseph
D:8:      layout_loops_ring, kennysheep_generic_room_3, uniq_maurice
D:9:      layout_gridville, grunt_temple_overflow_opulence, tgw_kikubaaqudgha,
          uniq_psyche
D:10:     gammafunk_corrupted_shrine, layout_loops_ring, lair_entry_dummy
Temple:   eino_temple_scatter_basement
Abyss:1:  base: D:4, hangedman_cross_veins

Skill      XL: |  1  2  3  4  5  6  7  8  9 10 |
---------------+-------------------------------+-----
Throwing       | 4 5 7 |  7.3
Unarmed Combat | 1 2 3 4 5 6 9 10 | 10.0
Invocations    | 2 6 8 10 | 10.0
Dodging        | 4 |  4.3
Fighting       | |  1.6
Stealth        | |  0.3

Action                   |  1- 3 |  4- 6 |  7- 9 | 10-12 || total
-------------------------+-------+-------+-------+-------++-------
Melee: Short sword       |    10 |       |       |       ||    10
       Unarmed           |    66 |   208 |   198 |   122 ||   594
       Punch             |     2 |     4 |     6 |     9 ||    21
Throw: Large rock        |       |     1 |     4 |     7 ||    12
       Throwing net      |       |       |     2 |     1 ||     3
       Boomerang         |       |       |       |     3 ||     3
       Dart              |       |       |       |     1 ||     1
Invok: Heroism           |       |       |     5 |     1 ||     6
       Finesse           |       |       |       |     1 ||     1
  Use: Scroll            |     3 |     4 |     5 |       ||    12
       Potion            |       |     1 |       |     1 ||     2
 Stab: Sleeping          |     1 |       |       |       ||     1
       Invisible         |       |       |       |     1 ||     1
Armor: Robe              |    24 |    41 |    29 |       ||    94
       Troll leather arm |       |       |       |    39 ||    39
Dodge: Dodged            |    42 |    95 |    87 |    70 ||   294

Table legend: (Time is in decaauts)
 A = Elapsed time spent in this place.
 B = Non-inter-level travel time spent in this place.
 C = Inter-level travel time spent in this place.
 D = Time resting spent in this place.
 E = Time spent auto-exploring this place.
 F = Levels seen in this place.
 G = Mean time per level.
                   A        B        C        D        E       F      G
               +--------+--------+--------+--------+--------+-----+--------+
         Total |   8767 |   8555 |    212 |    999 |   4405 |  12 |  730.6 |
       Dungeon |   7524 |   7329 |    195 |      0 |   4246 |  10 |  752.4 |
        Temple |    214 |    197 |     17 |      0 |    159 |   1 |  214.0 |
         Abyss |   1028 |   1028 |      0 |    999 |      0 |   1 | 1028.0 |
               +--------+--------+--------+--------+--------+-----+--------+

Top non-repeatable levels by time:
     D:7: 1774 daAuts
     D:4: 1050 daAuts
 Abyss:1: 1028 daAuts
     D:2: 979 daAuts
     D:5: 969 daAuts
     D:8: 730 daAuts
     D:1: 567 daAuts
     D:6: 564 daAuts
     D:3: 532 daAuts
     D:9: 333 daAuts
  Temple: 214 daAuts
    D:10: 22 daAuts
